 Dungeon Crawl Stone Soup version 0.22-a0-369-gc73351f (webtiles) character file.

584 iamserjio the Vexing (level 7, -1/35 HPs)
             Began as a Vine Stalker Enchanter on Apr 24, 2018.
             Was an Initiate of Nemelex Xobeh.
             Slain by a two-headed ogre
             ... wielding a +0 giant spiked club
              (17 damage)
             ... on level 5 of the Dungeon.
             The game lasted 00:09:55 (3211 turns).

iamserjio the Vexing (Vine Stalker Enchanter)       Turns: 3211, Time: 00:09:56

Health: -1/35      AC:  2    Str: 13    XL:     7   Next: 37%
Magic:  0/13       EV: 12    Int: 15    God:    Nemelex Xobeh [......]
Gold:   216        SH:  0    Dex: 14    Spells: 9/13 levels left

rFire    . . .     SeeInvis .   o - +2 dagger (venom)
rCold    . . .     Gourm    .   (no shield)
rNeg     . . .     Faith    .   u - +0 robe (curse)
rPois    .         Spirit   +   (no helmet)
rElec    .         Reflect  .   (no cloak)
rCorr    .         Harm     .   (no gloves)
MR       .....                  (no boots)
Stlth    ++........             (no amulet)
HPRegen  0.51/turn              (no ring)
MPRegen  0.13/turn              (no ring)

@: very slightly contaminated, heavily drained
A: fangs 2, regeneration 1, magic shield, antimagic bite, no potion heal 3, rot
immunity
a: Renounce Religion


You were on level 5 of the Dungeon.
You worshipped Nemelex Xobeh.
Nemelex Xobeh was noncommittal.
You were not hungry.

You visited 1 branch of the dungeon, and saw 5 of its levels.

You collected 216 gold pieces.

Inventory:

Hand Weapons
 o - a +2 dagger of venom (weapon)
Armour
 p - a cursed +0 plate armour
 u - a cursed +0 robe (worn)
Wands
 k - a wand of polymorph (13)
 r - a wand of acid (10)
Scrolls
 a - a scroll of enchant armour {unknown}
 e - 4 scrolls of teleportation
 f - a scroll of remove curse
 h - 2 scrolls of fear
 i - a scroll of fog {unknown}
Potions
 c - 2 potions of curing
 j - 2 potions of cancellation
 l - a potion of brilliance {unknown}
 n - 2 potions of lignification {unknown}
 q - a potion of resistance {unknown}
 t - a potion of flight {unknown}
Miscellaneous
 g - a plain deck of destruction
Comestibles
 d - 8 rations


   Skills:
 + Level 2.2(0.7) Fighting
 * Level 3.5(2.0) Short Blades
 + Level 2.8(1.3) Dodging
 * Level 4.0(2.4) Stealth
 * Level 3.7(2.2) Spellcasting
 + Level 4.9(3.3) Hexes
 + Level 0.2(0.0) Invocations


You had 9 spell levels left.
You knew the following spells:

 Your Spells              Type           Power        Failure   Level  Hunger
a - Corona                Hex            ##.....      5%          1    #......
b - Confuse               Hex            ##......     17%         3    ###....


Dungeon Overview and Level Annotations

Branches:
Dungeon (5/15)
 Temple: D:4-7

Altars:
Nemelex Xobeh
Ru
Sif Muna


Innate Abilities, Weirdness & Mutations

You have extremely sharp teeth.
Your natural rate of healing is unusually fast.
When hurt, damage is shared between your health and your magic reserves.
Your bite disrupts and absorbs the magic of your enemies.
Potions cannot restore your health.
You are immune to rotting.


Message History

You kill the crimson imp!
Your base Stealth skill increases to level 4!
No target in view!
You see here a morningstar.
Found a trident.
A two-headed ogre comes into view.
It is wielding a giant spiked club and a giant club.
The two-headed ogre shouts in stereo!
Casting: Confuse (safe; 17% risk of failure)
Confirm with . or Enter, or press ? or * to list all spells.
Aiming: Confuse (safe; 17% risk of failure)
Press: ? - help, Shift-Dir - straight line, f - two-headed ogre
Aim: a two-headed ogre, wielding a giant spiked club and a giant club (chance to defeat MR: 26%)
You miscast Confuse.
You are very lightly contaminated with residual magic.
Your skin tingles.
The two-headed ogre hits you with a giant spiked club!!
Ouch! That really hurt!
The two-headed ogre hits you with a giant club!!
You die...
Your body disappears without a glow.

#.# #.# #.##
#..# ##.# #.#
#.# ##.## #..@#
#.###O# #.# #).
#.# #.#####..
#.. ........
... ..#.... ..
........#
#..#....###
.#.........####


You could see a two-headed ogre.

Vanquished Creatures
  Sigmund (D:4)
  A bullfrog (D:3)
  A crimson imp (D:5)
  An orc priest (D:3)
  A bullfrog skeleton (D:5)
  A hound (D:3)
  Jessica (D:2)
  A worker ant (D:4)
  11 adders
  6 worms
  4 dart slugs
  A leopard gecko (D:4)
  3 orcs (D:3)
  5 giant cockroaches
  7 goblins
  4 hobgoblins
  2 jackals (D:4)
  3 quokkas
  6 bats
  2 frilled lizards (D:1)
  11 kobolds
  6 rats
79 creatures vanquished.

Notes
Turn   | Place    | Note
-------+----------+-------------------------------------------
     0 | D:1      | iamserjio the Vine Stalker Enchanter began the quest for the Orb.
     0 | D:1      | Reached XP level 1. HP: 9/9 MP: 4/4
    62 | D:1      | Reached skill level 1 in Short Blades
   188 | D:1      | Reached XP level 2. HP: 11/13 MP: 6/6
   846 | D:2      | Reached XP level 3. HP: 16/16 MP: 7/7
   851 | D:2      | Learned a level 3 spell: Confuse
   949 | D:2      | Noticed Jessica
   959 | D:2      | Killed Jessica
   959 | D:2      | Gained mutation: Your natural rate of healing is unusually fast. [Vine Stalker growth]
   959 | D:2      | Reached XP level 4. HP: 18/21 MP: 8/8
  1170 | D:2      | Found a faded altar of an unknown god.
  1739 | D:3      | Reached skill level 1 in Fighting
  1739 | D:3      | Reached XP level 5. HP: 24/25 MP: 8/10
  1951 | D:3      | Found a deep blue altar of Sif Muna.
  2225 | D:3      | Reached XP level 6. HP: 12/30 MP: 2/11
  2645 | D:4      | Noticed Sigmund
  2682 | D:4      | Killed Sigmund
  2682 | D:4      | Reached XP level 7. HP: 27/35 MP: 8/13
  2843 | D:4      | Found a sacrificial altar of Ru.
  3077 | D:5      | Entered Level 5 of the Dungeon
  3090 | D:5      | Found a sparkling altar of Nemelex Xobeh.
  3100 | D:5      | Became a worshipper of Nemelex Xobeh the Trickster
  3107 | D:5      | Received a gift from Nemelex Xobeh
  3209 | D:5      | Noticed a two-headed ogre
  3211 | D:5      | Slain by a two-headed ogre

Vault maps used:
D:1:      minmay_arrival_four_circles
D:2:      chequers_ecumenical_altar_grove, uniq_jessica
D:3:      lemuel_doored_altar
D:4:      nicolae_ru_path_of_blood, uniq_sigmund
D:5:      nemelex_xobeh_ov_fountains_minmay, zin_angel, first_ration

Skill      XL: |  1  2  3  4  5  6  7 |
---------------+----------------------+-----
Short Blades   | 1 2 3 |  3.5
Dodging        | 2 |  2.8
Fighting       | 1 2 |  2.2
Spellcasting   | 3 |  3.7
Hexes          | 4 |  4.9
Stealth        | 4 |  4.0
Invocations    | |  0.2

Action                   |  1- 3 |  4- 6 |  7- 9 || total
-------------------------+-------+-------+-------++-------
Melee: Dagger            |    56 |   174 |    42 ||   272
       Bite              |    14 |    50 |    11 ||    75
 Cast: Confuse           |       |    11 |       ||    11
  Use: Scroll            |       |     1 |     4 ||     5
 Stab: Sleeping          |     7 |    10 |     4 ||    21
       Confused          |       |     6 |       ||     6
       Distracted        |       |       |     1 ||     1
  Eat: Chunk             |       |     6 |     3 ||     9
Armor: Robe              |    15 |    28 |     1 ||    44
Dodge: Dodged            |    30 |    86 |    17 ||   133

Table legend:
 A = Spawn XP
 B = Non-spawn XP
 C = Spawn XP percentage of total XP
 D = Spawn monster count
 E = Non-spawn monster count
 F = Spawn count percentage of total count
 G = Total turns spent on level
                    A         B        C        D         E        F      G
               +---------+---------+-------+---------+---------+-------+---------
         Total |       0 |     835 |   0.0 |       0 |      79 |   0.0 |  3211
               +---------+---------+-------+---------+---------+-------+---------
           D:1 |       0 |      27 |   0.0 |       0 |      19 |   0.0 |   805
           D:2 |       0 |     110 |   0.0 |       0 |      18 |   0.0 |   848
           D:3 |       0 |     241 |   0.0 |       0 |      22 |   0.0 |   807
           D:4 |       0 |     343 |   0.0 |       0 |      16 |   0.0 |   617
           D:5 |       0 |     114 |   0.0 |       0 |       4 |   0.0 |   134
               +---------+---------+-------+---------+---------+-------+---------
